 Dungeon Crawl Stone Soup version 0.31-a0-986-g5e6e4ef867 (webtiles) character file.

Game seed: 1088276743705646461

3 demibob the Ducker (level 1, -1/13 HPs)
             Began as a Deep Elf Chaos Knight on Nov 8, 2023.
             Was a Plaything of Xom.
             Slain by a quokka (4 damage)
             ... on level 1 of the Dungeon.
             The game lasted 00:00:07 (22 turns).

demibob the Ducker (Deep Elf Chaos Knight)            Turns: 22, Time: 00:00:09

Health: -1/13      AC:  5    Str:  9    XL:     1   Next: 41%
Magic:  3/3        EV: 12    Int: 16    God:    Xom [..*...]
Gold:   0          SH:  0    Dex: 14    Spells: 0/0 levels left

rFire   . . .        a - +0 spear (chaos)
rCold   . . .        (no shield)
rNeg    . . .        b - +2 leather armour
rPois   .            (no helmet)
rElec   .            (no cloak)
rCorr   .            (no gloves)
SInv    .            (no boots)
Will    .....        (no amulet)
Stlth   +            (no ring)
HPRegen 0.22/turn    (no ring)
MPRegen 0.08/turn

%: no passive effects
@: no status effects
A: no striking features
a: Renounce Religion


You were on level 1 of the Dungeon.
You worshipped Xom.
You were a toy of Xom.
You visited 1 branch of the dungeon, and saw 1 of its levels.


   Skills:
 - Level 2.4 Fighting
 + Level 2.3 Polearms
 - Level 0.7 Armour
 - Level 2.4 Dodging


You couldn't memorise any spells.
You didn't know any spells.
Your spell library was empty.

Inventory:

Hand Weapons
 a - a +0 spear of chaos (weapon)
Armour
 b - a +2 leather armour (worn)
Scrolls
 c - a scroll of butterflies

Dungeon Overview and Level Annotations

Branches:
Dungeon (1/15)

Altars:

.......#..
......:..
.......# ......#
...#.# ...?# ...
#r..# #.. # #@..#
#...#. ###)..####
....####........#
..▒.▒.▒.▒........
▒.▒.▒.▒.......[#
▒.▒.▒.▒.#####.#
▒<▒.▒.... #
▒.▒.▒.▒.... ▒.▒
▒.▒.#...#


You could see a quokka.


Message History

You are too injured to fight recklessly!
You are too injured to fight recklessly!
You are too injured to fight recklessly!
You are too injured to fight recklessly!
You are too injured to fight recklessly!
You are too injured to fight recklessly!
You are too injured to fight recklessly!
You are too injured to fight recklessly!
You are too injured to fight recklessly!
You are too injured to fight recklessly!
You are too injured to fight recklessly!
You are too injured to fight recklessly!
You are too injured to fight recklessly!
You hit the quokka but do no damage. The quokka bites you.
* * * LOW HITPOINT WARNING * * *
You hit the quokka. You burn the quokka.
The quokka is heavily wounded.
The quokka looks more healthy.
The quokka bites you but does no damage.
You hit the quokka.
The quokka is severely wounded.
The quokka barely misses you.
You miss the quokka.
The quokka is severely wounded.
The quokka closely misses you.
You hit the quokka but do no damage.
The quokka is severely wounded.
The quokka bites you.
You die... "This toy is broken."

Action                     || total
---------------------------++-------
  Melee: Spear             ||    16
 Armour: Leather armour    ||     6
  Dodge: Dodged            ||     4

Levels and vault maps discovered:
D:1:      lightli_arrival_chessboard, layout_basic,
          chequers_serial_rivers_small_b, minmay_tree_intersection,
          minmay_quantized

Notes
Turn   | Place    | Note
-------+----------+-------------------------------------------
     0 | D:1      | demibob the Deep Elf Chaos Knight began the quest for the
                  | Orb.
     0 | D:1      | Reached XP level 1. HP: 13/13 MP: 3/3
    22 | D:1      | Slain by a quokka

Vanquished Creatures
  A giant cockroach (D:1)
  A goblin (D:1)
  A frilled lizard (D:1)
3 creatures vanquished.

Table legend: (Time is in decaauts)
 A = Elapsed time spent in this place.
 B = Non-inter-level travel time spent in this place.
 C = Inter-level travel time spent in this place.
 D = Time resting spent in this place.
 E = Time spent auto-exploring this place.
 F = Levels seen in this place.
 G = Mean time per level.
                   A        B        C        D        E       F      G
               +--------+--------+--------+--------+--------+-----+--------+
         Total |     21 |     21 |      0 |      0 |      4 |   1 |   21.0 |
       Dungeon |     21 |     21 |      0 |      0 |      4 |   1 |   21.0 |
               +--------+--------+--------+--------+--------+-----+--------+

Top non-repeatable levels by time:
     D:1: 21 daAuts

Table legend:
 A = Non-vault XP
 B = Vault XP
 C = Vault XP percentage of total XP
 D = Non-vault monster count
 E = Vault monster count
 F = Vault count percentage of total count
                 A         B        C        D         E       F
            +---------+---------+-------+---------+---------+-------
      Total |       5 |       0 |   0.0 |       3 |       0 |   0.0
            +---------+---------+-------+---------+---------+-------
        D:1 |       5 |       0 |   0.0 |       3 |       0 |   0.0
            +---------+---------+-------+---------+---------+-------
